 Dungeon Crawl Stone Soup version 0.23-a0-558-g30802b1 (webtiles) character file.

5 zishaf the Insei (level 1, -2/15 HPs)
             Began as a Vampire Transmuter on Dec 12, 2018.
             Slain by a hobgoblin
             ... wielding a +0 club
              (7 damage)
             ... on level 1 of the Dungeon.
             The game lasted 00:00:54 (364 turns).

zishaf the Insei (Vampire Transmuter)                Turns: 364, Time: 00:00:55

Health: -2/15      AC:  2    Str:  9    XL:     1   Next: 66%
Magic:  3/3        EV: 13    Int: 15    God:
Gold:   23         SH:  0    Dex: 14    Spells: 3/4 levels left

rFire    . . .     SeeInvis +     - Unarmed
rCold    . . .     Gourm    .   (no shield)
rNeg     + . .     Faith    .   b - +0 robe
rPois    .         Spirit   .   (no helmet)
rElec    .         Reflect  .   (no cloak)
rCorr    .         Harm     .   (no gloves)
MR       .....                  (no boots)
Stlth    ++........             c - amulet of magic regeneration
HPRegen  0.05/turn              (no ring)
MPRegen  0.33/turn              (no ring)

@: no status effects
A: fangs 3, see invisible, unbreathing
a: no special abilities


You were on level 1 of the Dungeon.
You were not thirsty.

You visited 1 branch of the dungeon, and saw 1 of its levels.

You collected 23 gold pieces.

Inventory:

Missiles
 a - 12 arrows
Armour
 b - a +0 robe (worn)
Jewellery
 c - an amulet of magic regeneration (around neck)
Scrolls
 f - a scroll of enchant weapon {unknown}
Potions
 d - 2 potions of blood
 e - 2 potions of brilliance {unknown}


   Skills:
 + Level 1.1 Fighting
 + Level 2.4 Dodging
 + Level 1.0 Stealth
 - Level 3.2 Unarmed Combat
 - Level 2.0 Spellcasting
 - Level 2.1 Transmutations


You had 3 spell levels left.
You knew the following spells:

 Your Spells              Type           Power        Failure   Level  Hunger
a - Beastly Appendage     Tmut           #.....       9%          1    #......

Your spell library contained the following spells:

 Spells                   Type           Power        Failure   Level  Hunger
 Sticks to Snakes         Tmut           #.......     14%         2    ###....
 Spider Form              Tmut/Pois      #.........   38%         3    ###....
 Ice Form                 Ice/Tmut       #.......     80%         4    #####..
 Blade Hands              Tmut           #.........   94%         5    ######.


Dungeon Overview and Level Annotations

Branches:
Dungeon (1/15)

Altars:


Innate Abilities, Weirdness & Mutations

You have razor-sharp teeth.
You have supernaturally acute eyesight. (SInv)
You can survive without breathing.


Message History

No target in view!
You see here a +0 club.
You now have 23 gold pieces (gained 9).
f - a scroll labeled ZUGIGUIXOYD
Found a stone staircase leading down.
Found a scale mail.
A hobgoblin comes into view. It is wielding a +0 club.
The hobgoblin shouts!
The hobgoblin hits you with a +0 club.
Found a scroll labeled KONOMU DEDI.
You barely miss the hobgoblin. The hobgoblin barely misses you.
You hit the hobgoblin but do no damage. The hobgoblin hits you with a +0 club.
You are too injured to fight recklessly!
You are too injured to fight recklessly!
You are too injured to fight recklessly!
You hit the hobgoblin but do no damage. The hobgoblin hits you with a +0 club.
You completely miss the hobgoblin. The hobgoblin closely misses you.
You barely miss the hobgoblin. Your bite misses the hobgoblin.
You closely miss the hobgoblin. The hobgoblin hits you with a +0 club!
You die...

.....## ####..#
. ..##### ##.# .
....... #.## ♣?
.....#.
#####).####
.###.[.....
..........+
......♣P..
.......#.##
......PP.
...###.#.#
#g..P♣ ^..#
#.#.# ###@..♣
...# #.#.#
##.P.♣♣♣ ...#
#.#.# #.P.♣♣♣
...#
#...####....PP
####
#.......#..PP..#
##..#####..#..##
##.# #.##..# #.#
#.# ..# #.# #.#
.#


You could see a hobgoblin.

Vanquished Creatures
  A giant cockroach (D:1)
  3 hobgoblins (D:1)
4 creatures vanquished.

Notes
Turn   | Place    | Note
-------+----------+-------------------------------------------
     0 | D:1      | zishaf the Vampire Transmuter began the quest for the Orb.
     0 | D:1      | Reached XP level 1. HP: 14/14 MP: 3/3
    62 | D:1      | Reached skill level 1 in Fighting
   330 | D:1      | Reached skill level 1 in Stealth
   364 | D:1      | Slain by a hobgoblin

Vault maps used:
D:1:      dpeg_chamrin_arrival_tetris, serial_forest,
          infiniplex_forest_lined_corner, infiniplex_forest_straight_3,
          infiniplex_forest_clump_curved, infiniplex_forest_corner_1,
          infiniplex_forest_lined_room_2, infiniplex_forest_corner_2

Skill      XL: |  1 |
---------------+----+-----
Fighting       | 1 |  1.1
Stealth        | 1 |  1.0
Dodging        | |  2.4
Unarmed Combat | |  3.2
Spellcasting   | |  2.0
Transmutations | |  2.1

Action                   || total
-------------------------++-------
Melee: Unarmed           ||    20
       Bite              ||     1
Armor: Robe              ||     2
Dodge: Dodged            ||     7

Table legend:
 A = Non-vault XP
 B = Vault XP
 C = Vault XP percentage of total XP
 D = Non-vault monster count
 E = Vault monster count
 F = Vault count percentage of total count
                 A         B        C        D         E       F
            +---------+---------+-------+---------+---------+-------
      Total |       8 |       0 |   0.0 |       4 |       0 |   0.0
            +---------+---------+-------+---------+---------+-------
        D:1 |       8 |       0 |   0.0 |       4 |       0 |   0.0
            +---------+---------+-------+---------+---------+-------
